 Dungeon Crawl Stone Soup version 0.17-a0-1164-g0ba867e (webtiles) character file.

1285 zuul91 the Grave Robber (level 8, -1/54 HPs)
             Began as a Vampire Necromancer on May 28, 2015.
             Was an Initiate of Yredelemnul.
             Slain by a wolf (2 damage)
             ... led by Grum
             ... on level 10 of the Dungeon.
             The game lasted 03:15:49 (8638 turns).

zuul91 the Grave Robber (Vampire Necromancer)       Turns: 8638, Time: 03:15:49

Health: -1/54      AC: 13    Str:  7    XL:     8   Next: 29%
Magic:  5/16       EV: 10    Int: 20    God:    Yredelemnul [......]
Gold:   228        SH:  0    Dex: 14    Spells: 6 memorised, 2 levels left

rFire  . . .     SeeInvis +     N - +2 hand crossbow
rCold  + + +     Clarity  .     E - +2 ring mail
rNeg   + + .     SustAt   .     (no shield)
rPois  +         Gourm    .     i - +1 helmet
rElec  .         Spirit   .     O - +2 cloak {+Inv}
rCorr  .         Warding  .     y - +0 pair of gloves
rMut   .         Stasis   .     (no boots)
MR     .....                    (no amulet)
Stlth  ++........               Z - ring of protection from cold
                                C - ring of protection from cold

@: regenerating slowly, not resistant to hostile enchantments, unstealthy
A: fangs 3, see invisible, unbreathing
a: Bat Form, Renounce Religion, Evoke Invisibility


You were on level 10 of the Dungeon.
You worshipped Yredelemnul.
Yredelemnul was noncommittal.
You were very thirsty.

You visited 2 branches of the dungeon, and saw 9 of its levels.

You collected 228 gold pieces.

Inventory:

Hand weapons
 c - a +0 shortbow
 g - a +0 hunting sling
 r - a +1 mace
 A - a +1 dagger of venom
 G - a +4 quarterstaff of chaos
 H - a +1 hunting sling of freezing
 N - a +2 hand crossbow (weapon)
 P - a +0 scythe
 S - a +0 flail
 T - a +0 war axe
 W - a +0 blowgun
Missiles
 d - 17 bolts (quivered)
 e - 156 stones
 f - 19 poisoned needles
 q - 29 arrows
 K - 14 sling bullets
 Y - 4 sling bullets of flame
Armour
 a - a +0 robe
 i - a +1 helmet (worn)
 o - a +0 cloak
 w - a +0 chain mail
 y - a +0 pair of gloves (worn)
 D - a +0 leather armour
 E - a +2 ring mail (worn)
 F - a +0 robe
 O - a +2 cloak of invisibility (worn)
 U - a +0 robe
Jewellery
 C - a ring of protection from cold (left hand)
 Z - a ring of protection from cold (right hand)
Scrolls
 j - 3 scrolls of remove curse
 m - a scroll of silence {unknown}
 n - a scroll of recharging
 v - a scroll of fog {unknown}
 x - a scroll of random uselessness {unknown}
 B - a scroll of amnesia {unknown}
 I - 2 scrolls of noise {unknown}
 V - a scroll of magic mapping {unknown}
Potions
 k - a potion of mutation {unknown}
 l - a potion of might {unknown}
 t - a potion of poison {unknown}
 u - 2 potions of lignification
 J - a potion of resistance
 L - 2 potions of flight {unknown}
 M - a potion of heal wounds {unknown}
 Q - a potion of brilliance {unknown}
Books
 b - a book of Necromancy

   Spells                             Type                      Level
   a - Pain                           Necromancy                   1
   b - Animate Skeleton               Necromancy                   1
   c - Vampiric Draining              Necromancy                   3
   d - Regeneration                   Charms/Necromancy            3
   e - Animate Dead                   Necromancy                   4
   f - Control Undead                 Necromancy                   4
Comestibles
 h - 4 bread rations


   Skills:
 + Level 1.0 Fighting
 + Level 0.1 Maces & Flails
 + Level 2.3 Crossbows
 + Level 0.2 Throwing
 + Level 2.1 Armour
 + Level 3.1 Dodging
 + Level 3.4 Stealth
 + Level 5.9 Spellcasting
 + Level 0.2 Charms
 + Level 7.9 Necromancy


You had 2 spell levels left.
You knew the following spells:

 Your Spells              Type           Power        Failure   Level  Hunger
a - Pain                  Necr           ####         1%          1    None
b - Animate Skeleton      Necr           N/A          1%          1    None
c - Regeneration          Chrm/Necr      ###.......   21%         3    ##.....
d - Animate Dead          Necr           N/A          17%         4    ####...
e - Vampiric Draining     Necr           #####.....   6%          3    ##.....
f - Control Undead        Necr           #####.....   17%         4    ####...


Dungeon Overview and Level Annotations

Branches:
Dungeon (10/15)            Temple (1/1) D:5            Lair (0/8) D:9
    Orc: D:9-12

Altars:
Ashenzari
Cheibriados
Dithmenos
Fedhas
Gozag
Makhleb
Nemelex Xobeh
Okawaru
Ru
Sif Muna
Trog
Vehumet
Xom
Yredelemnul
The Shining One

Shops:
D:6 [

Annotations:
D:9 Grum


Innate Abilities, Weirdness & Mutations

You heal slowly.
You have razor-sharp teeth.
You have supernaturally acute eyesight.
You can survive without breathing.


Message History

The wolf barely misses you.
Your vampire mosquito closely misses the wolf.
Your vampire mosquito barely misses the wolf.
Casting: Control Undead
Confirm with . or Enter, or press ? or * to list all spells.
Aiming: Vampiric Draining
Press: ? - help, Shift-Dir - straight line, f - wolf
Aim: a wolf The wolf is moderately wounded.
You feel life coursing into your body. The wolf bites you!
* * * LOW HITPOINT WARNING * * *
Your vampire mosquito barely misses the wolf.
Your vampire mosquito bites the wolf.
Your vampire mosquito draws strength from the wolf's injuries!
Your vampire mosquito bites the wolf but does no damage.
The wolf bites you.
* * * LOW HITPOINT WARNING * * *
The wolf bites you.
You die...
Yredelemnul claims you as an undead slave.

#...
#...#
#...#
###...#
##....#
#..>.#
#.y..#
#y@yy#
##hh?#
#.r.##
#....#
##..Z##
#...r##
###...##
##...#
##..##


You could see 2 wolves, 2 river rats, 4 friendly vampire mosquitoes and a
friendly wyvern zombie.

Vanquished Creatures
  Sigmund (D:5)
  A phantom (D:5)
  Duvessa (D:6)
  A centaur (D:5)
  An ogre (D:5)
  An electric eel (D:6)
  A crimson imp (D:6)
  3 hounds
  Crazy Yiuf (D:4)
  A giant frog skeleton (D:6)
  2 iguanas (D:4)
  A killer bee zombie (D:5)
  5 worker ants
  A hound zombie (D:6)
  A hound skeleton (D:6)
  A worker ant zombie (D:6)
  10 adders
  4 gnolls (D:4)
  An ooze (D:2)
  An adder skeleton (D:6)
  2 worms
  6 orcs
  9 bats
  A bat skeleton (D:6)
  9 giant cockroaches
  13 hobgoblins
  5 jackals
  11 kobolds
  4 quokkas
  3 ball pythons
  A ball python skeleton (D:4)
  4 giant newts
  7 goblins
  A quokka skeleton (D:6)
  6 rats
121 creatures vanquished.

Vanquished Creatures (collateral kills)
  Dowan (D:6)
  4 adders
  An ooze (D:1)
  A worm (D:3)
  A ball python (D:3)
  2 bats
  A bat skeleton (D:6)
  A giant cockroach (D:1)
  A jackal (D:5)
  2 kobolds
  A quokka (D:2)
  A goblin (D:2)
17 creatures vanquished.

Grand Total: 138 creatures vanquished

Notes
Turn   | Place    | Note
--------------------------------------------------------------
     0 | D:1      | zuul91 the Vampire Necromancer began the quest for the Orb.
     0 | D:1      | Reached XP level 1. HP: 13/13 MP: 3/3
    18 | D:1      | Learned a level 1 spell: Animate Skeleton
   284 | D:1      | Reached XP level 2. HP: 10/19 MP: 0/5
   713 | D:1      | Reached skill level 5 in Necromancy
  1015 | D:2      | Reached XP level 3. HP: 18/24 MP: 1/6
  1131 | D:2      | Learned a level 3 spell: Regeneration
  1421 | D:2      | Reached XP level 4. HP: 15/30 MP: 0/8
  2398 | D:3      | Found a shadowy altar of Dithmenos.
  2455 | D:3      | Became a worshipper of Dithmenos the Shadowed
  2493 | D:3      | Learned a level 4 spell: Animate Dead
  2726 | D:3      | Reached XP level 5. HP: 33/35 MP: 6/10
  3462 | D:4      | Reached skill level 6 in Necromancy
  3867 | D:4      | Reached XP level 6. HP: 15/41 MP: 1/12
  3961 | D:4      | Learned a level 3 spell: Vampiric Draining
  4121 | D:4      | Got a warped hammer
  4276 | D:4      | Noticed Crazy Yiuf
  4289 | D:4      | Killed Crazy Yiuf
  4983 | D:5      | Entered Level 5 of the Dungeon
  5038 | D:5      | Found a shimmering altar of Xom.
  5494 | D:5      | Reached skill level 1 in Armour
  5643 | D:5      | Found a staircase to the Ecumenical Temple.
  5939 | D:5      | Reached XP level 7. HP: 38/47 MP: 7/14
  6064 | D:5      | Reached skill level 7 in Necromancy
  6184 | Temple   | Entered the Ecumenical Temple
  6490 | Temple   | Fell from the grace of Dithmenos
  6490 | Temple   | Became a worshipper of Yredelemnul the Dark
  6613 | D:6      | Noticed Sigmund
  6620 | D:5      | Killed Sigmund
  6620 | D:5      | Reached skill level 1 in Crossbows
  6620 | D:5      | Reached skill level 5 in Spellcasting
  6764 | D:6      | Learned a level 4 spell: Control Undead
  6878 | D:6      | Noticed Dowan
  6905 | D:6      | Killed Dowan
  6970 | D:6      | Noticed Duvessa
  6994 | D:5      | Your ally Sigmund died
  7025 | D:5      | Reached skill level 1 in Fighting
  7825 | D:6      | Reached XP level 8. HP: 54/54 MP: 16/16
  7826 | D:6      | Found Owkimybu's Armour Shoppe.
  7933 | D:6      | Noticed a hill giant
  8052 | D:5      | Noticed a cyclops
  8070 | D:6      | Killed Duvessa
  8436 | D:6      | Noticed a shadow demon
  8599 | D:6      | You fall through a shaft for 3 floors!
  8599 | D:9      | Found a staircase to the Lair.
  8599 | D:9      | Noticed Grum
  8616 | D:10     | Entered Level 10 of the Dungeon
  8638 | D:10     | HP: 1/54 [wolf[Grum] (4)]
  8638 | D:10     | Slain by a wolf

Vault maps used:
D:1:      mrwooster_arrival_statue_3, minmay_misc_feat_room
D:2:      minmay_misc_feat_iff
D:3:      nicolae_dithmenos_through_a_glass_darkly
D:4:      uniq_crazy_yiuf_cottage
D:5:      lemuel_doored_altar, minmay_temple_entry_mist, first_bread
D:6:      serial_shops, nicolae_shop_statue_plus, kennysheep_mini_moat,
          kennysheep_little_box, nicolae_shop_behind_doors, serial_undead,
          serial_undead_c, serial_undead_d, serial_undead_f, serial_undead_f,
          uniq_sigmund, uniq_duvessa
D:9:      elyvilon_altar_4, minmay_lair_entry_grove, hangedman_pestilent_swarm,
          uniq_grum
D:10:     serial_bayou_lake_a
Temple:   nicolae_temple_god_jail

Action                   |  1- 3 |  4- 6 |  7- 9 || total
-------------------------+-------+-------+-------++-------
Melee: Club              |     1 |       |       ||     1
       Dagger            |       |    16 |    21 ||    37
       Mace              |       |    12 |    37 ||    49
       Flail             |       |       |     6 ||     6
 Fire: Hunting sling     |     9 |    28 |       ||    37
       Hand crossbow     |       |     9 |    80 ||    89
Throw: Stone             |       |     9 |     6 ||    15
       Throwing net      |       |     6 |       ||     6
 Cast: Pain              |    56 |   140 |     7 ||   203
       Animate Skeleton  |    14 |     9 |     3 ||    26
       Animate Dead      |       |    22 |     1 ||    23
       Regeneration      |       |     3 |     3 ||     6
       Vampiric Draining |       |     3 |    15 ||    18
       Control Undead    |       |       |    14 ||    14
 Abil: End Transformatio |     1 |     2 |     4 ||     7
       Bat Form          |     1 |     2 |     4 ||     7
  Use: Scroll            |     2 |     7 |     7 ||    16
       Potion            |     1 |     3 |     5 ||     9
  Eat: Corpse            |       |    17 |     5 ||    22
